 Dungeon Crawl Stone Soup version 0.22-a0-580-gd5db89c09a (webtiles) character file.

20486 Askman the Cleaver (level 12, -5/112 HPs)
             Began as a Deep Dwarf Fighter on July 3, 2018.
             Was a Follower of Elyvilon.
             Splashed by an oklob plant's acid (11 damage)
             ... on level 1 of the Lair of Beasts.
             The game lasted 01:42:30 (11493 turns).

Askman the Cleaver (Deep Dwarf Fighter)            Turns: 11493, Time: 01:42:31

Health: -5/112     AC:  3    Str: 30    XL:     12   Next: 45%
Magic:  10/10      EV:  7    Int:  8    God:    Elyvilon [*.....]
Gold:   856        SH: 13    Dex: 12    Spells: 11/11 levels left

rFire    + . .     SeeInvis +   b - +9 spear of Rikiq {venom, rElec rN+ Str+4}
rCold    . . .     Gourm    .   c - +0 shield
rNeg     + . .     Faith    +   K - +0 plate armour
rPois    +         Spirit   .   F - +0 helmet
rElec    +         Reflect  .   N - +0 cloak
rCorr    .         Harm     .   y - +1 pair of gloves
MR       +....                  (no boots)
Stlth    ..........             R - amulet of Qohufreu {Faith rPois}
HPRegen  0.00/turn              z - ring of see invisible
MPRegen  0.12/turn              S - ring "Foufry" {+Inv rF+}

@: corroded, non-regenerating
A: damage resistance, heal wounds, sense surroundings 2, no regeneration
a: Heal Wounds, Lesser Healing, Divine Protection, Renounce Religion, Evoke
Invisibility


You were on level 1 of the Lair of Beasts.
You worshipped Elyvilon.
Elyvilon was aware of your devotion.
You were not hungry.

You visited 2 branches of the dungeon, and saw 12 of its levels.
You also visited: Trove, Sewer and Ossuary.

You collected 856 gold pieces.

Inventory:

Hand Weapons
 a - a +0 war axe
 b - the +9 spear of Rikiq (weapon) {venom, rElec rN+ Str+4}
   (You took it off a spriggan on level 9 of the Dungeon)

   It poisons the flesh of those it strikes.
   It affects your strength (+4).
   It insulates you from electricity.
   It protects you from negative energy.
Missiles
 g - 19 tomahawks (quivered)
 A - 76 bolts
Armour
 c - a +0 shield (worn)
 y - a +1 pair of gloves (worn)
   (You found it on level 4 of the Dungeon)
 F - a +0 helmet (worn)
   (You found it in a sewer)
 K - a +0 plate armour (worn)
   (You found it on level 7 of the Dungeon)
 N - a +0 cloak (worn)
   (You found it on level 10 of the Dungeon)
Jewellery
 z - a ring of see invisible (left hand)
   (You found it on level 7 of the Dungeon)
 O - an uncursed ring of flight {unknown}
   (You found it on level 1 of the Lair of Beasts)
 Q - an uncursed amulet of regeneration {unknown}
   (You found it on level 1 of the Lair of Beasts)
 R - the amulet of Qohufreu (around neck) {Faith rPois}
   (You found it in a treasure trove)

   [amulet of faith]

   It allows you to gain divine favour quickly.
   It protects you from poison.
 S - the ring "Foufry" (right hand) {+Inv rF+}
   (You found it in a treasure trove)

   [ring of protection from fire]

   It protects you from fire.
   It lets you turn invisible.
 T - an uncursed amulet of the acrobat
   (You found it in a treasure trove)
Wands
 d - a wand of iceblast (10)
   (You found it on level 11 of the Dungeon)
 n - a wand of scattershot (3)
   (You found it on level 2 of the Dungeon)
 t - a wand of flame (87)
   (You found it on level 5 of the Dungeon)
 u - a wand of paralysis (16)
   (You found it on level 10 of the Dungeon)
 x - a wand of acid (11)
   (You found it on level 7 of the Dungeon)
Scrolls
 h - 2 scrolls of random uselessness {unknown}
 i - 7 scrolls of teleportation {@r4}
 j - 7 scrolls of remove curse {@r2}
 l - 2 scrolls of identify {@r1}
 o - 4 scrolls of fog
 p - a scroll of immolation {unknown}
 q - 2 scrolls of enchant armour
 r - 3 scrolls of fear {unknown}
 s - a scroll of noise {unknown}
 D - 3 scrolls of blinking
 G - a scroll of magic mapping
 L - 2 scrolls of vulnerability {unknown}
Potions
 f - 2 potions of brilliance
 k - 5 potions of agility
 m - 2 potions of heal wounds {@q2}
 v - 2 potions of invisibility
 w - 3 potions of resistance
 B - 6 potions of curing {@q1}
 C - 3 potions of haste {@q3}
 E - 3 potions of flight
 H - 6 potions of lignification {!q}
 I - a potion of berserk rage {unknown}
 M - a potion of mutation {unknown}
 P - 2 potions of might
Comestibles
 e - 18 rations {!d}


   Skills:
 + Level 8.4 Fighting
 * Level 13.3 Axes
 + Level 10.1 Armour
 + Level 10.1 Shields
 - Level 10.0 Invocations


You had 11 spell levels left.
You didn't know any spells.
Your spell library contained the following spells:

 Spells                   Type           Power        Failure   Level  Hunger
 Regeneration             Chrm/Necr      #.........   100%        3    ####...
 Shroud of Golubria       Chrm/Tloc      #.........   100%        2    ###....
 Infusion                 Chrm           #...         99%         1    ##.....
 Song of Slaying          Chrm           #.......     100%        2    ###....
 Spectral Weapon          Hex/Chrm       #.......     100%        3    ####...


Dungeon Overview and Level Annotations

Branches:
Dungeon (11/15)            Temple (0/1) D:5            Lair (1/6) D:11
    Orc (0/2) D:10

Altars:
Cheibriados
Dithmenos
Elyvilon
Fedhas
Gozag
Hepliaklqana
Kikubaaqudgha
Makhleb
Nemelex Xobeh
Okawaru
Ru
Sif Muna
Trog
Uskayaw
Vehumet
Xom
The Shining One

Annotations:
Lair:1 exclusion: 3 oklob plants


Innate Abilities, Weirdness & Mutations

You are resistant to damage.
You can heal yourself by infusing magical energy.
You passively map the area around you.
You do not regenerate.


Message History

The splash of acid hits you!
You are splashed with acid!
The acid burns!
* * * LOW HITPOINT WARNING * * *
The oklob plant spits acid at you. The splash of acid hits you!
You are splashed with acid!
The acid burns!
* * * LOW HITPOINT WARNING * * *
The oklob plant spits acid at you. The splash of acid hits you!
* * * LOW HITPOINT WARNING * * *
You are splashed with acid!
The acid burns!
* * * LOW HITPOINT WARNING * * *
You feel much better.
You feel much better.
You feel much better.
You feel much better.
You are healed.
You feel somewhat more hungry.
You start resting.
Really walk into a travel-excluded area?
The oklob plant spits acid at you. The splash of acid hits you!
You are splashed with acid!
The acid burns!
The oklob plant spits acid at you. The splash of acid hits you!
The acid corrodes you!
You are splashed with acid!
The acid burns!
You see here 16 gold pieces.
You hit the oklob plant but do no damage.
The oklob plant spits acid at you. The splash of acid hits you!
You are splashed with acid!
The acid burns!
You hit the oklob plant but do no damage.
You hit the oklob plant but do no damage.
The oklob plant is poisoned.
The oklob plant spits acid at you. The splash of acid hits you!
The acid corrodes you!
You are splashed with acid!
The acid burns!
* * * LOW HITPOINT WARNING * * *
The oklob plant spits acid at you. You block the splash of acid.
The oklob plant spits acid at you. The splash of acid hits you!
* * * LOW HITPOINT WARNING * * *
The acid corrodes you!
You are splashed with acid!
The acid burns!
* * * LOW HITPOINT WARNING * * *
The oklob plant spits acid at you. The splash of acid hits you!
* * * LOW HITPOINT WARNING * * *
You are splashed with acid!
The acid burns!
Elyvilon protects you from harm! The oklob plant spits acid at you.
The splash of acid hits you!
* * * LOW HITPOINT WARNING * * *
You are splashed with acid!
The acid burns!
You die...

###......#######......
#..#..................
#######..#####.#.#......
#P).=$P..#########......
#.P%$.P.....## #.....≈
#)$[.........### ##....≈
#(..$.P........# #...≈≈
#.!P$..........# ##P.≈≈
#######@.......## ##.≈≈
##.P#..........# #.≈≈
#..###.........## #.≈≈
#.## ##.........# #..≈
#..####........## ##..
##....###......## ##.
#.....###......# ##
##.....##....### #
#........#..## ##


You could see 3 oklob plants.

Vanquished Creatures
  2 hydras (Lair:1)
  3 death yaks
  2 two-headed ogres (D:11)
  The ghost of
  123456 the Cleaver, a novice FoFi of the Shining One (D:9)
  An unseen horror (D:11)
  An ugly thing (D:10)
  A cyclops (D:11)
  An oklob plant (Lair:1)
  3 black mambas (Lair:1)
  A komodo dragon (Lair:1)
  3 spiny frogs (Lair:1)
  A rime drake (Lair:1)
  A troll (D:11)
  Prince Ribbit (D:7)
  A hippogriff (D:11)
  3 spriggans (D:9)
  2 wyverns
  A wraith (D:11)
  22 yaks
  A hungry ghost (D:11)
  7 water moccasins
  Purgy (Sewer)
  3 orc warriors
  3 porcupines
  3 ice beasts
  2 sky beasts
  A black bear (D:11)
  An eye of draining (D:8)
  6 wolves
  8 ogres
  3 phantoms
  5 centaurs
  2 crocodiles (Lair:1)
  2 elf zombies (Ossuary)
  5 bullfrogs
  5 scorpions
  A quasit (D:7)
  A bullfrog zombie (D:8)
  5 crimson imps
  A jelly (D:7)
  5 orc priests
  2 bullfrog skeletons
  2 centaur skeletons
  2 human zombies (Ossuary)
  A centaur zombie (D:7)
  4 hounds
  Jessica (D:3)
  4 iguanas
  4 orc wizards
  13 worker ants
  A big kobold zombie (Ossuary)
  2 hound skeletons
  2 mummies (Ossuary)
  4 worker ant zombies
  4 gnolls (D:5)
  6 adders
  2 shadow imps
  2 oozes (D:1)
  4 adder skeletons
  4 adder zombies
  4 worms
  3 dart slugs
  5 leopard geckos
  22 orcs
  4 giant cockroaches
  4 hobgoblins
  9 jackals
  13 kobolds
  7 quokkas
  4 ball pythons
  10 bats
  12 frilled lizards
  5 goblins
  A goblin zombie (Ossuary)
  10 hobgoblin zombies (Ossuary)
  2 jackal zombies (Ossuary)
  7 kobold zombies (Ossuary)
  A leopard gecko skeleton (D:4)
  9 orc zombies (Ossuary)
  A quokka zombie (D:6)
  6 rats
  A plant (Lair:1)
326 creatures vanquished.

Vanquished Creatures (others)
  An orc wizard (D:5)
  A fungus (D:9)
  5 plants
7 creatures vanquished.

Grand Total: 333 creatures vanquished

Notes
Turn   | Place    | Note
-------+----------+-------------------------------------------
     0 | D:1      | Askman the Deep Dwarf Fighter began the quest for the Orb.
     0 | D:1      | Reached XP level 1. HP: 20/20 MP: 1/1
   307 | D:1      | Reached XP level 2. HP: 27/27 MP: 2/2
   781 | D:1      | Reached skill level 3 in Axes
   796 | D:1      | Reached XP level 3. HP: 20/33 MP: 3/3
   939 | D:2      | Found a white marble altar of Elyvilon.
   947 | D:2      | Became a worshipper of Elyvilon the Healer
  1169 | D:2      | Reached XP level 4. HP: 36/42 MP: 4/4
  1320 | D:2      | Found an opulent altar of Gozag.
  1579 | D:3      | Reached * piety under Elyvilon
  2007 | D:3      | Found a burning altar of Makhleb.
  2277 | D:3      | Noticed Jessica
  2285 | D:3      | Killed Jessica
  2285 | D:3      | Reached skill level 4 in Axes
  2285 | D:3      | Reached skill level 1 in Invocations
  2285 | D:3      | Reached XP level 5. HP: 23/49 MP: 5/5
  2399 | D:4      | Noticed an ogre
  2406 | D:4      | Killed an ogre
  2515 | D:4      | Reached XP level 6. HP: 53/56 MP: 6/6
  2590 | D:4      | Reached ** piety under Elyvilon
  2640 | D:4      | Elyvilon protects you from harm!
  2640 | D:4      | HP: 1/57 [ogre/giant spiked club (20)]
  2643 | D:4      | Reached skill level 5 in Axes
  3076 | D:4      | Reached XP level 7. HP: 53/63 MP: 7/7
  3326 | D:5      | Entered Level 5 of the Dungeon
  3399 | D:5      | Reached skill level 5 in Armour
  3399 | D:5      | Reached skill level 5 in Shields
  3435 | D:5      | Reached skill level 6 in Axes
  3569 | D:5      | Found a shadowy altar of Dithmenos.
  3584 | D:5      | Reached XP level 8. HP: 48/73 MP: 7/7
  3645 | D:5      | Found a staircase to the Ecumenical Temple.
  3653 | D:5      | Got a fine ring mail
  3876 | D:5      | Found an iron altar of Okawaru.
  3968 | D:5      | Identified the +2 ring mail of Plog {rElec Regen+ Dex-4} (You found it on level 5 of the Dungeon)
  4067 | D:6      | Found a glowing drain.
  4079 | Sewer    | Entered a sewer
  4212 | Sewer    | Noticed Purgy
  4219 | Sewer    | Killed Purgy
  4219 | Sewer    | Reached skill level 7 in Axes
  4307 | D:6      | Found a snail-covered altar of Cheibriados.
  4582 | D:6      | Reached skill level 5 in Invocations
  4793 | D:6      | Reached skill level 5 in Fighting
  4907 | D:7      | Reached *** piety under Elyvilon
  5102 | D:7      | Noticed Prince Ribbit
  5133 | D:7      | Gained mutation: You passively map the area around you. [Deep Dwarf growth]
  5133 | D:7      | Reached XP level 9. HP: 31/81 MP: 8/10
  5155 | D:7      | Reached skill level 8 in Axes
  5183 | D:7      | Killed Prince Ribbit
  5300 | D:7      | Found a basalt altar of Yredelemnul.
  5303 | D:7      | Found a hazy altar of Hepliaklqana.
  5303 | D:7      | Found a shimmering altar of Xom.
  5305 | D:7      | Found a shadowy altar of Dithmenos.
  5305 | D:7      | Found a sparkling altar of Nemelex Xobeh.
  5305 | D:7      | Found a sacrificial altar of Ru.
  5357 | D:7      | Found a hide-covered altar of Uskayaw.
  5880 | D:8      | Found a sand-covered staircase.
  5927 | Ossuary  | Entered an ossuary
  6362 | D:8      | Reached skill level 9 in Axes
  6685 | D:8      | Found a glowing golden altar of the Shining One.
  6917 | D:9      | Found a bloodstained altar of Trog.
  6917 | D:9      | Found a blossoming altar of Fedhas.
  7014 | D:9      | Found a runed door.
  7015 | D:9      | Reached **** piety under Elyvilon
  7015 | D:9      | Noticed 123456's ghost (novice FoFi)
  7071 | D:9      | Reached XP level 10. HP: 37/91 MP: 11/11
  7553 | D:9      | Found an ancient bone altar of Kikubaaqudgha.
  7553 | D:9      | Found a deep blue altar of Sif Muna.
  7555 | D:9      | Found a radiant altar of Vehumet.
  7559 | D:9      | Identified Sif Muna's Guide on Talismans
  7647 | D:9      | Killed 123456's ghost
  7647 | D:9      | Reached skill level 10 in Axes
  7679 | D:9      | Got an ancient spear {venom}
  7758 | D:10     | Entered Level 10 of the Dungeon
  7764 | D:10     | Identified the +9 spear of Rikiq {venom, rElec rN+ Str+4} (You took it off a spriggan on level 9 of the Dungeon)
  8221 | D:10     | Found a staircase to the Orcish Mines.
  8629 | D:11     | Reached ***** piety under Elyvilon
  8684 | D:11     | Noticed an unseen horror
  8710 | D:11     | Killed an unseen horror
  8724 | D:11     | Reached skill level 11 in Axes
  8773 | D:11     | Noticed a two-headed ogre
  8785 | D:11     | Killed a two-headed ogre
  8785 | D:11     | Reached XP level 11. HP: 34/99 MP: 13/13
  8862 | D:11     | Noticed a death yak
  8867 | D:11     | Noticed a death yak
  8869 | D:11     | Noticed a death yak
  8944 | D:11     | HP: 4/100 [death yak (9)]
  8971 | D:10     | Killed a death yak
  9061 | D:11     | Found a staircase to the Lair.
  9380 | D:11     | Noticed a purple ugly thing
  9411 | D:10     | Killed a purple ugly thing
  9547 | D:11     | Killed a death yak
  9550 | D:11     | Killed a death yak
  9687 | D:11     | Reached skill level 12 in Axes
  9721 | D:11     | Found a portal to a secret trove of treasure.
  9733 | Trove    | Entered a treasure trove
  9764 | Trove    | Got a crude brass amulet
  9766 | Trove    | Got a scintillating diamond amulet
  9768 | Trove    | Got an ancient marble ring
  9907 | D:11     | Noticed a two-headed ogre
  9920 | D:11     | Killed a two-headed ogre
 10014 | D:11     | Reached skill level 10 in Invocations
 10258 | D:11     | Identified the ring "Foufry" {+Inv rF+} (You found it in a treasure trove)
 10259 | D:11     | Identified the amulet "Uhirusy" {Faith rPois Str-3 Dex+7} (You found it in a treasure trove)
 10261 | D:11     | Identified the amulet of Qohufreu {Faith rPois} (You found it in a treasure trove)
 10375 | Lair:1   | Entered Level 1 of the Lair of Beasts
 10398 | Lair:1   | Noticed an oklob plant
 10420 | Lair:1   | Noticed an oklob plant
 10420 | Lair:1   | Noticed an oklob plant
 10420 | Lair:1   | Noticed an oklob plant
 10448 | Lair:1   | Reached XP level 12. HP: 42/110 MP: 11/11
 10603 | Lair:1   | Noticed a five-headed hydra
 10619 | Lair:1   | Killed a five-headed hydra
 10864 | Lair:1   | Reached skill level 13 in Axes
 11028 | Lair:1   | Reached skill level 10 in Shields
 11153 | Lair:1   | Reached skill level 10 in Armour
 11195 | Lair:1   | Noticed a seven-headed hydra
 11205 | Lair:1   | Killed a seven-headed hydra
 11492 | Lair:1   | Elyvilon protects you from harm!
 11493 | Lair:1   | Splashed by an oklob plant's acid

Vault maps used:
D:1:      minmay_arrival_plants_in_alcoves
D:2:      kennysheep_big_flooded_room, elyvilon_altar_4,
          nicolae_gozag_seed_capital, minmay_lizard_pond
D:3:      makhleb_grotto_becter, first_ration, kennysheep_jessica_study
D:4:      kennysheep_six_static_rooms
D:5:      nicolae_dithmenos_shadow_blocks, okawaru_gym_becter,
          minmay_temple_entry_purple_smoke, serial_glass, glass_columns_a,
          glass_columns_c, minmay_strange_pillars, due_unseen_surprise
D:6:      lemuel_crystal_altar, cheibrodos_sewer_entry_bend
D:7:      doesnt_xom_only_xom, basic_altar, uniq_prince_ribbit1
D:8:      nicolae_tso_carved_into_rock, nicolae_ossuary_entry_ruins
D:9:      grunt_temple_overflow_magic_moments, grunt_temple_overflow_open,
          ebering_ghost_funeral_grove
D:10:     orc_0_dummy
D:11:     dpeg_lair_monsters, nicolae_trove_entry_crystal
Lair:1:   minmay_lair_oklob_chamber, infiniplex_staircase_pool
Trove:    trove_garden
Sewer:    kennysheep_door_sewer
Ossuary:  ossuary_tomb_1

Skill      XL: |  1  2  3  4  5  6  7  8  9 10 11 12 |
---------------+-------------------------------------+-----
Axes           | 3 4 5 6 7 9 11 12 13 | 13.3
Fighting       | 3 4 5 6 7 8 |  8.4
Shields        | 4 5 6 7 8 9 10 | 10.1
Armour         | 4 5 6 7 8 9 10 | 10.1
Invocations    | 1 2 3 5 7 8 10 | 10.0

Action                   |  1- 3 |  4- 6 |  7- 9 | 10-12 || total
-------------------------+-------+-------+-------+-------++-------
Melee: War axe           |   148 |   151 |   611 |   554 ||  1464
       Spear             |       |       |       |   129 ||   129
Throw: Tomahawk          |     1 |       |       |    20 ||    21
Invok: Lesser Healing    |       |    15 |    41 |    31 ||    87
       Greater Healing   |       |       |       |    11 ||    11
       Divine Vigour     |       |       |       |     1 ||     1
 Abil: Heal Wounds       |     1 |     2 |     6 |    33 ||    42
  Use: Scroll            |       |       |    15 |     3 ||    18
       Potion            |       |       |     1 |     4 ||     5
  Eat: Chunk             |     1 |     8 |    10 |    14 ||    33
       Ration            |       |     1 |     3 |     4 ||     8
Armor: Scale mail        |    85 |    55 |    55 |       ||   195
       Ring mail         |       |       |    47 |       ||    47
       Chain mail        |       |       |    26 |       ||    26
       Plate armour      |       |       |   135 |   290 ||   425
Dodge: Dodged            |    57 |    37 |   117 |   112 ||   323
Block: Shield            |    86 |    80 |   314 |   364 ||   844

Table legend:
 A = Spawn XP
 B = Non-spawn XP
 C = Spawn XP percentage of total XP
 D = Spawn monster count
 E = Non-spawn monster count
 F = Spawn count percentage of total count
 G = Total turns spent on level
                    A         B        C        D         E        F      G
               +---------+---------+-------+---------+---------+-------+---------
         Total |       0 |   29266 |   0.0 |       0 |     325 |   0.0 | 11493
               +---------+---------+-------+---------+---------+-------+---------
           D:1 |       0 |      44 |   0.0 |       0 |      23 |   0.0 |   857
           D:2 |       0 |      68 |   0.0 |       0 |      34 |   0.0 |   525
           D:3 |       0 |     106 |   0.0 |       0 |      12 |   0.0 |   954
           D:4 |       0 |     616 |   0.0 |       0 |      18 |   0.0 |   990
           D:5 |       0 |     806 |   0.0 |       0 |      26 |   0.0 |   678
           D:6 |       0 |     609 |   0.0 |       0 |      17 |   0.0 |   721
           D:7 |       0 |    1016 |   0.0 |       0 |      21 |   0.0 |   833
           D:8 |       0 |     953 |   0.0 |       0 |      21 |   0.0 |   959
           D:9 |       0 |    2879 |   0.0 |       0 |      16 |   0.0 |   783
          D:10 |       0 |    3062 |   0.0 |       0 |      14 |   0.0 |   980
          D:11 |       0 |   10010 |   0.0 |       0 |      48 |   0.0 |  1535
        Lair:1 |       0 |    8570 |   0.0 |       0 |      31 |   0.0 |  1118
         Sewer |       0 |     149 |   0.0 |       0 |       6 |   0.0 |   172
       Ossuary |       0 |     378 |   0.0 |       0 |      38 |   0.0 |   286
               +---------+---------+-------+---------+---------+-------+---------
